Map: Arctic Dream LE

Players

qqq - Winner!

  • Race: Zerg Zerg
  • Spawn Location: 12:00

Massa - Winner!

  • Race: Terran Terran
  • League: Platinum
  • Spawn Location: 11:00

IrOnChain

  • Race: Terran Terran
  • League: Master
  • Spawn Location: 6:00

SAIMANP

  • Race: Protoss Protoss
  • Spawn Location: 5:00

VOD

Have the link to the VOD?

Description

Time

  • Played on: Oct. 27, 2020, 4:11 p.m.
  • Length: 20:35
Show
View Real Time Build Order
Export as new Build Order

qqq Zerg - Winner!

Build Orders: Hatch First, Lurkers 

Get SALT Encoding   

  12  0:00  Drone  
  13  0:08  Drone  
  14  0:35  Hatchery  
  13  0:43  Drone  
  14  0:55  Spawning Pool  
  13  1:04  Overlord  
  13  1:07  Drone  
  13  1:09  Extractor  
  13  1:13  Drone  
  14  1:28  Drone x2  
  16  1:46  Drone  
  17  1:48  Queen  
  19  2:01  Drone x2  
  21  2:04  Queen  
  23  2:11  Drone  
  24  2:20  Metabolic Boost  
  24  2:22  Drone  
  24  2:23  Drone  
  24  2:27  Drone  
  26  2:36  Drone  
  27  2:38  Zergling x2  
  27  2:39  Overlord  
  28  2:52  Baneling Nest  
  28  2:54  Zergling x2  
  28  2:55  Overlord  
  28  2:58  Zergling x2  
  29  3:00  Zergling x2  
  30  3:06  Overlord  
  30  3:08  Zergling x2  
  30  3:11  Zergling x2  
  32  3:13  Zergling x2  
  33  3:22  Zergling x2  
  33  3:23  Zergling x2  
  33  3:24  Overlord  
  35  3:27  Zergling x2  
  35  3:30  Zergling x2  
  35  3:33  Drone  
  38  3:40  Baneling x3  
  38  3:41  Baneling x3  
  38  3:43  Zergling x2  
  38  3:46  Zergling x2  
  40  3:51  Drone  
  40  3:52  Zergling x2  
  40  3:55  Zergling x2  
  43  3:57  Zergling x2  
  43  4:00  Zergling x2  
  43  4:02  Zergling x2  
  46  4:06  Zergling x2  
  46  4:09  Overlord  
  47  4:12  Zergling x2  
  47  4:15  Zergling x2  
  49  4:19  Zergling x2  
  49  4:20  Zergling x2  
  51  4:29  Zergling x4  
  51  4:30  Zergling x4  
  55  4:38  Zergling x4  
  42  5:15  Zergling x10  
  42  5:16  Zergling x10  
  51  5:23  Baneling  
  51  5:24  Baneling x4  
  51  5:27  Drone, Zergling x2  
  43  6:00  Zergling x6  
  43  6:01  Zergling x6  
  49  6:17  Lair  
  49  6:20  Drone  
  49  6:23  Extractor  
  49  6:28  Hatchery  
  47  6:36  Drone x2  
  47  6:37  Drone x3  
  52  6:46  Hatchery  
  49  6:53  Drone x3  
  49  6:59  Zergling x2  
  49  7:01  Drone x3  
  53  7:19  Zergling x4  
  53  7:20  Zergling x6  
  53  7:21  Drone x4  
  62  7:26  Infestation Pit  
  62  7:28  Spire  
  60  7:35  Zergling x2, Hydralisk Den  
  60  7:36  Drone  
  61  7:38  Extractor  
  61  7:39  Extractor  
  59  7:52  Zergling x4  
  59  7:53  Zergling x4  
  52  8:10  Drone  
  52  8:11  Drone x6  
  56  8:16  Hydralisk x4  
  56  8:17  Hydralisk  
  56  8:18  Drone x2  
  56  8:19  Drone x2  
  70  8:23  Drone x2  
  65  8:35  Hydralisk x2  
  65  8:37  Drone x5  
  74  8:45  Lurker Den, Overlord  
  74  8:46  Overlord  
  73  8:51  Drone x3  
  73  8:53  Zergling x2  
  73  8:54  Zergling x2  
  78  8:57  Baneling  
  78  8:58  Baneling x4  
  78  9:05  Mutalisk  
  78  9:09  Overlord  
  80  9:10  Drone x2  
  80  9:11  Zergling x2  
  80  9:12  Zergling x4  
  80  9:13  Zergling x2  
  86  9:20  Pneumatized Carapace  
  86  9:26  Hydralisk  
  86  9:30  Overlord  
  86  9:31  Overlord  
  88  9:38  Extractor  
  87  9:41  Drone x2  
  87  9:42  Drone x4  
  93  9:49  Overlord x6  
  91  10:01  Lurker x4  
  91  10:02  Lurker  
  91  10:06  Drone x2  
  98  10:07  Extractor, Queen  
  98  10:10  Spine Crawler  
  98  10:12  Drone x2  
  98  10:13  Extractor  
  99  10:17  Hydralisk  
  99  10:19  Mutalisk  
  103  10:22  Corruptor  
  79  10:54  Mutalisk x4  
  79  10:55  Mutalisk  
  79  10:58  Drone x3  
  82  11:04  Hatchery  
  82  11:08  Hydralisk  
  82  11:09  Hydralisk x2  
  87  11:17  Hydralisk  
  87  11:18  Hydralisk  
  85  11:26  Spore Crawler  
  85  11:27  Spore Crawler  
  85  11:29  Spore Crawler  
  85  11:30  Spine Crawler  
  79  11:49  Hydralisk  
  79  11:50  Hydralisk x4  
  79  11:51  Hydralisk  
  79  11:52  Drone  
  79  11:53  Drone x2  
  92  12:01  Hatchery  
  91  12:15  Drone x2  
  93  12:18  Drone  
  93  12:20  Hydralisk x4  
  102  12:24  Lurker x2  
  102  12:25  Zergling x4  
  102  12:26  Drone  
  107  12:33  Extractor  
  107  12:34  Hydralisk  
  107  12:35  Extractor x2, Hydralisk  
  108  12:38  Queen x2  
  108  12:41  Drone x2  
  108  12:42  Drone  
  115  12:45  Hive  
  115  12:50  Evolution Chamber  
  115  12:51  Muscular Augments  
  114  12:52  Evolution Chamber  
  109  13:09  Hydralisk x3  
  109  13:12  Lurker  
  116  13:13  Drone x6  
  116  13:14  Drone  
  119  13:52  Drone x6  
  119  13:53  Mutalisk x6  
  132  13:59  Queen  
  133  14:17  Seismic Spines  
  133  14:18  Zerg Missile Weapons Level 1  
  133  14:27  Zergling x10  
  133  14:28  Drone x4  
  133  14:29  Drone x2  
  99  14:55  Drone  
  99  14:56  Drone x3, Hydralisk  
  99  14:57  Hydralisk x4  
  105  15:19  Drone  
  105  15:20  Drone, Hatchery  
  106  15:26  Hatchery  
  105  15:30  Zerg Ground Armor Level 1  
  105  15:35  Hatchery  
  104  15:36  Ultralisk Cavern  
  103  15:44  Lurker x5  
  103  15:45  Lurker x5  
  103  15:47  Drone x3  
  116  15:52  Mutalisk  
  116  15:53  Mutalisk  
  116  15:54  Zergling x8  
  116  15:55  Zergling x6  
  127  16:06  Drone  
  127  16:07  Mutalisk x3  
  127  16:10  Extractor, Drone  
  134  16:12  Extractor x2  
  134  16:13  Zerg Melee Weapons Level 1  
  112  16:35  Hydralisk x6  
  124  16:44  Mutalisk  
  124  16:45  Mutalisk  
  127  17:11  Drone x6  
  127  17:12  Drone x7  
  127  17:13  Drone x2  
  134  17:32  Hydralisk x7  
  134  17:33  Hydralisk x2  
  134  17:34  Drone x6  
  134  17:35  Drone  
  151  17:38  Spine Crawler  
  151  17:40  Spine Crawler  
  132  18:04  Drone  
  132  18:05  Drone  
  126  18:06  Ultralisk x3  
  126  18:07  Chitinous Plating  
  126  18:09  Mutalisk  
  126  18:10  Mutalisk x2  
  138  18:34  Ultralisk x2  
  138  18:35  Zergling x6  
  138  18:36  Drone x2  
  138  18:37  Drone x2  
  151  18:46  Spine Crawler x3  
  151  18:48  Spine Crawler  
  147  18:52  Hatchery  
  139  19:00  Ultralisk  
  139  19:01  Zergling x8  
  131  19:03  Drone x4  
  128  19:10  Hydralisk  
  128  19:11  Hydralisk x2  
  123  19:21  Hatchery  
  117  19:28  Overlord x3  
  117  19:29  Overlord x3  
  113  19:41  Ultralisk Cavern  
  111  19:54  Spawning Pool  
  105  20:21  Drone x7  
  108  20:22  Drone  
Show
View Real Time Build Order
Export as new Build Order

Massa Terran - Winner!

Build Orders:  

Get SALT Encoding   

  12  0:00  SCV  
  13  0:12  SCV  
  14  0:17  Supply Depot  
  14  0:24  SCV  
  15  0:39  SCV  
  15  0:40  Barracks  
  16  0:45  Refinery  
  16  0:51  SCV  
  17  1:03  SCV  
  18  1:07  Supply Depot  
  18  1:15  SCV  
  19  1:20  Barracks  
  19  1:29  Orbital Command  
  19  1:35  Marine  
  20  2:00  Command Center  
  20  2:01  Marine  
  21  2:09  Marine  
  22  2:19  Marine  
  22  2:20  Barracks  
  23  2:27  SCV, Marine  
  25  2:37  Marine  
  25  2:43  Supply Depot  
  26  2:45  Marine  
  27  2:54  Marine  
  27  2:56  Factory  
  28  3:03  Marine  
  29  3:06  SCV  
  29  3:08  Marine  
  29  3:12  Marine  
  31  3:16  Supply Depot  
  31  3:18  SCV  
  33  3:20  Marine  
  33  3:26  Marine  
  35  3:27  Orbital Command  
  35  3:30  SCV, Marine  
  37  3:38  Marine  
  37  3:40  Hellion  
  40  3:43  Marine  
  40  3:47  SCV, Supply Depot  
  40  3:48  Marine  
  43  3:56  Marine  
  43  3:59  SCV  
  43  4:01  Hellion, Marine  
  48  4:06  Marine  
  49  4:14  Marine  
  49  4:16  Engineering Bay  
  50  4:19  Marine  
  50  4:23  Widow Mine  
  50  4:24  Marine  
  54  4:32  Marine  
  54  4:37  Marine  
  56  4:41  Marine  
  57  5:22  Barracks Reactor, Barracks Tech Lab  
  57  5:25  Factory Tech Lab  
  57  5:26  Marine  
  58  5:44  Marine  
  58  5:45  Marauder  
  61  5:53  Stimpack  
  61  6:02  Marine  
  62  6:07  Marauder  
  64  6:11  Marine x2  
  64  6:12  Siege Tank  
  64  6:15  SCV  
  70  6:20  Supply Depot x2  
  70  6:23  Barracks  
  70  6:24  Barracks x2  
  70  6:30  Refinery  
  70  6:41  Marine x3  
  70  6:42  SCV x2  
  70  6:44  Siege Tank, Supply Depot  
  78  6:48  Supply Depot  
  78  6:54  SCV x2  
  78  7:00  Starport, Marauder  
  80  7:06  SCV x2  
  82  7:18  SCV x2  
  84  7:32  Concussive Shells  
  84  7:35  Barracks Reactor, Barracks Tech Lab  
  84  7:38  Barracks Reactor, Barracks Tech Lab  
  84  7:43  Marine x3  
  87  7:56  Supply Depot  
  87  7:57  Refinery, Supply Depot x2  
  79  7:59  Supply Depot  
  79  8:00  Marine  
  79  8:01  Marine x2  
  81  8:15  Combat Shield  
  81  8:18  Marine  
  81  8:19  Marine x2  
  84  8:20  Supply Depot  
  84  8:21  Missile Turret  
  84  8:22  Missile Turret, Supply Depot  
  84  8:28  Missile Turret  
  84  8:30  Missile Turret  
  84  8:36  Marine  
  84  8:37  Marine x2  
  81  8:42  Missile Turret  
  81  8:44  Marauder  
  81  8:45  Marauder, Marine x3  
  81  8:46  Marine  
  89  8:54  Marine x3  
  92  9:03  Marine x2  
  92  9:06  Marauder x2  
  98  9:13  Marauder  
  98  9:16  Marine  
  98  9:17  Marine x3  
  101  9:19  Siege Tank  
  101  9:21  Marine x2  
  109  9:27  Marauder x2  
  113  9:34  Marauder, Marine x4  
  113  9:37  Command Center  
  119  9:38  Marine  
  119  9:39  Marine  
  121  9:47  Refinery  
  121  9:48  Marine  
  121  9:49  Marauder  
  121  9:52  Marine x4  
  126  9:55  Marine  
  126  9:56  Marine x2  
  131  10:04  Starport Reactor  
  131  10:06  Marine  
  132  10:09  Marine  
  132  10:10  Marauder, Marine x2  
  132  10:13  Marauder  
  139  10:14  Missile Turret  
  139  10:16  Missile Turret  
  139  10:17  SCV  
  139  10:18  SCV  
  141  10:30  SCV x2  
  141  10:35  Missile Turret  
  143  10:42  SCV x2  
  145  10:54  SCV  
  91  11:30  Marauder x3  
  91  11:31  Marine x3  
  91  11:32  Marine x3  
  99  11:35  Orbital Command  
  99  11:42  Siege Tank  
  102  11:49  Marine x6  
  102  11:50  Terran Infantry Weapons Level 1  
  102  11:51  Marauder x3  
  102  11:52  Armory  
  114  11:55  Engineering Bay  
  99  12:06  Marine  
  99  12:07  Marine x5  
  84  12:12  Marauder x2  
  84  12:13  Marauder  
  84  12:15  Siege Tank  
  83  12:24  Marine  
  83  12:25  Marine x5  
  89  12:34  Marauder x3  
  87  12:47  Siege Tank  
  87  12:49  SCV x3  
  93  12:55  Refinery, Marauder x3  
  99  13:01  SCV x3  
  102  13:08  Command Center  
  102  13:13  SCV x3  
  102  13:16  Terran Infantry Armor Level 1, Marauder  
  102  13:17  Marauder x2, Terran Vehicle Weapons Level 1  
  102  13:19  Siege Tank  
  114  13:25  SCV x3  
  117  13:37  SCV  
  117  13:38  SCV x2, Marauder  
  122  13:41  Medivac x2  
  122  13:44  Refinery  
  126  14:11  Medivac x2  
  126  14:20  Marauder  
  126  14:21  Marauder x2, Marine x6  
  126  14:22  Planetary Fortress  
  138  14:26  SCV x3  
  141  14:34  Terran Infantry Weapons Level 2  
  141  14:38  SCV  
  141  14:39  SCV x2, Marine  
  141  14:41  Medivac  
  141  14:42  Marauder x3  
  153  14:50  SCV  
  153  14:51  SCV x2  
  150  15:03  Marauder  
  150  15:04  Marauder x2  
  152  15:11  Terran Vehicle And Ship Armor Level 1  
  150  15:24  Marauder  
  150  15:25  Marauder x2  
  126  15:41  Marine  
  126  15:42  Marine x5  
  121  15:45  Siege Tank  
  121  15:46  Marauder x3  
  127  15:59  Marine  
  127  16:00  Marine x5  
  127  16:01  Command Center  
  130  16:07  Marauder  
  130  16:08  Marauder x2  
  136  16:17  Marine  
  136  16:18  Marine x2, Siege Tank  
  127  16:29  Marauder x3  
  120  16:35  Viking x2  
  120  16:37  Marine x6  
  130  16:50  Marauder, Siege Tank  
  130  16:51  Marauder x2  
  139  16:54  Marine  
  139  16:55  Marine x5  
  139  17:01  Missile Turret, Supply Depot x3  
  145  17:04  Viking  
  145  17:05  Viking  
  149  17:10  Sensor Tower  
  149  17:11  Marauder  
  149  17:12  Marauder x2, Marine  
  149  17:13  Marine x5  
  161  17:22  Missile Turret  
  161  17:26  Supply Depot  
  161  17:27  Supply Depot  
  161  17:30  Marine  
  161  17:31  Marine x5  
  161  17:32  Terran Infantry Armor Level 2, Terran Infantry Weapons Level 3  
  161  17:33  Terran Vehicle And Ship Armor Level 2, Marauder x3  
  161  17:34  Viking  
  161  17:35  Viking  
  177  17:41  Missile Turret  
  177  17:48  Marine  
  174  17:54  Marauder  
  174  17:55  Marauder x2  
  180  18:01  Missile Turret  
  180  18:04  Viking x2  
  186  18:20  Marauder x3  
  186  18:21  Marine x6  
  186  18:25  Siege Tank  
  199  18:28  SCV  
  197  18:50  Planetary Fortress  
  170  19:46  Missile Turret  
  170  19:47  Missile Turret  
  170  19:50  Refinery  
  170  19:51  Refinery  
  170  19:59  Command Center  
  170  20:01  Siege Tank  
  173  20:08  Missile Turret  
  173  20:09  Missile Turret  
  172  20:30  Missile Turret  
Show
View Real Time Build Order
Export as new Build Order

IrOnChain Terran 

Build Orders: Reaper Expand 

Get SALT Encoding   

  12  0:00  SCV  
  13  0:12  SCV  
  14  0:18  Supply Depot  
  14  0:25  SCV  
  15  0:39  SCV  
  15  0:40  Barracks  
  16  0:44  Refinery  
  16  0:51  SCV  
  17  1:04  SCV  
  18  1:16  SCV  
  19  1:29  Reaper  
  19  1:30  Orbital Command  
  20  1:45  Command Center  
  20  1:55  Supply Depot  
  20  1:56  SCV  
  21  2:01  Marine  
  22  2:08  SCV  
  22  2:11  Factory  
  23  2:17  Refinery  
  23  2:20  SCV  
  24  2:28  Barracks Reactor  
  24  2:33  SCV  
  25  2:45  SCV  
  26  2:56  Starport  
  26  2:57  Orbital Command  
  27  2:58  SCV  
  27  3:10  Hellion x2  
  27  3:11  Barracks Tech Lab  
  27  3:12  SCV  
  32  3:24  SCV x2  
  34  3:32  Command Center  
  34  3:36  SCV  
  34  3:38  Starport Reactor, Stimpack  
  34  3:40  SCV  
  36  3:46  Barracks  
  36  3:49  Marine  
  36  3:50  SCV  
  36  3:54  SCV, Supply Depot  
  39  4:02  SCV  
  40  4:07  SCV  
  41  4:14  SCV  
  42  4:18  Barracks  
  42  4:19  SCV  
  42  4:20  Supply Depot  
  42  4:22  Factory Tech Lab  
  43  4:26  SCV  
  43  4:29  Engineering Bay x2  
  43  4:30  Starport Reactor  
  43  4:31  SCV  
  45  4:32  Marine  
  45  4:38  SCV  
  47  4:43  SCV  
  47  4:45  Orbital Command  
  48  4:50  SCV, Supply Depot  
  52  4:52  Siege Tank  
  52  4:53  Marauder, Marine x2  
  52  4:55  SCV  
  54  5:11  Marine  
  54  5:13  SCV, Medivac x2  
  60  5:15  Marauder  
  60  5:16  Terran Infantry Weapons Level 1  
  62  5:22  Marine x2  
  62  5:26  Supply Depot  
  64  5:30  Marine  
  64  5:35  Siege Tank  
  68  5:36  Marauder, Marine  
  60  5:57  Marauder, Marine x3  
  60  5:58  Marine  
  60  6:02  Barracks  
  60  6:03  Refinery, Barracks  
  66  6:05  Refinery  
  66  6:12  SCV  
  66  6:14  Supply Depot  
  66  6:15  SCV, Marine x3  
  66  6:17  Marine  
  72  6:19  Marauder  
  72  6:22  Orbital Command  
  75  6:32  SCV  
  75  6:33  Marine x3  
  75  6:34  Medivac  
  75  6:35  Marine  
  75  6:38  SCV  
  82  6:40  Marauder  
  84  6:51  Marine  
  84  6:52  Marine x3  
  84  6:53  Marine x2  
  85  6:56  SCV x3  
  88  7:02  Marauder  
  88  7:04  Barracks, Armory, Siege Tank  
  88  7:05  Barracks, Combat Shield  
  93  7:08  Marine  
  93  7:10  Marine x3  
  93  7:11  SCV, Supply Depot  
  93  7:13  SCV  
  99  7:15  Supply Depot  
  99  7:22  SCV, Marine  
  99  7:23  Marauder  
  99  7:28  Medivac x2  
  99  7:29  SCV  
  106  7:30  Missile Turret  
  106  7:31  SCV, Missile Turret  
  106  7:34  Supply Depot  
  107  7:39  SCV  
  107  7:41  Barracks Reactor x2, Supply Depot  
  108  7:44  Marauder  
  108  7:45  Supply Depot  
  108  7:46  Marine x2, Supply Depot  
  108  7:47  Terran Infantry Armor Level 1  
  108  7:48  SCV  
  113  7:52  SCV, Marine  
  113  7:53  SCV  
  107  8:06  Marauder  
  107  8:07  Marine x5  
  107  8:10  Marine  
  107  8:11  Missile Turret  
  107  8:12  SCV x2  
  112  8:20  Marine x2  
  112  8:25  Marine x5  
  119  8:27  Marauder  
  119  8:28  Marine  
  119  8:33  Marine x2  
  124  8:35  SCV x3  
  124  8:38  Terran Infantry Weapons Level 2, Marine x2  
  129  8:42  Marine  
  129  8:43  Marine  
  131  8:49  Marauder  
  133  8:56  SCV x2  
  133  9:00  Supply Depot x2  
  133  9:01  Command Center, Supply Depot  
  135  9:03  Sensor Tower  
  135  9:10  Marauder  
  135  9:11  Marine x2  
  135  9:12  Medivac x2  
  135  9:13  Barracks Reactor x2  
  143  9:23  SCV x2  
  146  9:31  Marauder  
  146  9:35  Marine x3  
  146  9:36  Marine x5  
  156  9:53  Marauder, Marine x2  
  158  10:02  Marine x2  
  158  10:03  Marine x8, Missile Turret  
  158  10:04  Missile Turret  
  168  10:11  Terran Infantry Armor Level 2  
  168  10:12  Marine x2  
  172  10:14  Marauder  
  172  10:15  Medivac x2  
  172  10:17  Missile Turret x2  
  172  10:18  Missile Turret  
  178  10:21  SCV x2  
  178  10:23  Supply Depot  
  178  10:24  Supply Depot  
  178  10:27  Siege Tank  
  178  10:28  Marine  
  182  10:30  Refinery, Supply Depot  
  182  10:33  Marine  
  185  10:35  Marauder  
  167  10:52  Marine x2  
  170  10:57  Marauder  
  166  11:07  Marine  
  148  11:18  Marauder  
  148  11:21  Marine  
  148  11:25  Planetary Fortress  
  129  11:27  Marine, Siege Tank  
  130  11:40  Marauder  
  130  11:41  Marine x6  
  130  11:42  Marine x3  
  135  11:51  Marine x3  
  138  11:58  Marine  
  138  11:59  Marine x5  
  144  12:01  Marauder  
  137  12:12  Marine x3  
  137  12:14  Marine  
  137  12:15  Marine x2  
  139  12:16  SCV, Marine x3  
  139  12:17  Marine x2  
  139  12:22  Marauder  
  147  12:25  Command Center  
  147  12:26  Barracks x2  
  147  12:27  Sensor Tower  
  147  12:29  Terran Infantry Weapons Level 3  
  147  12:30  Barracks, Terran Infantry Armor Level 3  
  147  12:32  Barracks  
  147  12:35  SCV  
  147  12:36  SCV x3  
  149  12:37  Refinery  
  149  12:44  Marauder  
  143  12:48  Factory  
  143  12:49  Factory  
  143  12:54  Marine x3  
  146  13:01  Marine  
  146  13:02  Marine x8  
  146  13:05  Marauder  
  157  13:11  Marine  
  158  13:26  Marauder  
  159  13:27  Marine  
  159  13:28  Marine x3  
  162  13:35  Factory Tech Lab x2  
  162  13:37  Medivac x2  
  164  13:48  Marauder  
  165  13:54  Marine x2  
  165  13:55  Marine x6  
  169  14:09  Marauder  
  166  14:11  Liberator x2  
  166  14:13  Marine x3  
  175  14:17  Barracks Reactor x3  
  175  14:21  Siege Tank x3  
  184  14:31  Marauder  
  186  14:42  Sensor Tower  
  175  14:51  Marine  
  175  14:52  Marauder, Marine x6  
  161  15:08  Marine x3  
  161  15:13  Marauder, Siege Tank x2  
  161  15:14  Siege Tank  
  165  15:35  Marauder  
  160  15:36  Marine  
  154  15:45  Marine x3, Siege Tank  
  160  15:56  Marauder, Marine  
  157  16:13  Marine  
  157  16:18  Marauder  
  156  16:32  Marine x5  
  137  16:39  Marauder  
  143  16:43  Widow Mine, Marine x6  
  143  16:44  Marine x7  
  161  16:47  Siege Tank  
  161  16:50  Marine  
  157  16:58  Marine  
  157  17:00  Marauder  
  157  17:01  Siege Tank  
  163  17:02  Medivac x2  
  163  17:04  Siege Tank  
  160  17:14  Marine  
  160  17:19  Siege Tank  
  160  17:22  Marauder  
  165  17:36  Siege Tank  
  171  17:43  Marauder  
  173  17:51  Marine x3  
  157  17:52  Marine x5  
  123  18:08  Marine  
  110  18:17  Marine x3  
  110  18:18  Marine x2  
  95  18:37  Marine, Command Center  
  68  19:01  Marine  
  68  19:02  Marine  
  67  19:30  Orbital Command  
  60  19:49  Planetary Fortress  
  55  20:03  Barracks  
  55  20:04  Barracks  
  55  20:05  Barracks  
  55  20:07  Barracks  
  47  20:08  Barracks  
  47  20:12  Factory Tech Lab, Barracks  
Show
View Real Time Build Order
Export as new Build Order

SAIMANP Protoss 

Build Orders:  

Get SALT Encoding   

  12  0:00  Probe  
  13  0:12  Probe  
  14  0:24  Probe  
  15  0:35  Pylon  
  15  0:53  Probe (Chrono Boost)  
  15  0:54  Gateway  
  16  0:58  Pylon  
  16  1:05  Probe (Chrono Boost), Assimilator  
  17  1:12  Probe (Chrono Boost)  
  18  1:20  Probe  
  19  1:32  Probe  
  20  1:34  Assimilator  
  20  1:44  Probe, Cybernetics Core  
  21  1:48  Zealot  
  23  1:56  Probe  
  24  2:08  Probe  
  25  2:20  Stalker  
  27  2:28  Pylon  
  27  2:42  Nexus  
  27  2:45  Assimilator  
  27  2:50  Assimilator, Stalker (Chrono Boost)  
  29  3:02  Shield Battery  
  29  3:06  Pylon  
  29  3:17  Stalker (Chrono Boost)  
  29  3:19  Probe  
  32  3:31  Probe  
  32  3:34  Stargate  
  33  3:40  Adept  
  35  4:02  Stargate  
  35  4:04  Probe x2 (Chrono Boost)  
  37  4:10  Stalker  
  37  4:14  Probe (Chrono Boost)  
  37  4:16  Probe (Chrono Boost)  
  41  4:19  Probe (Chrono Boost)  
  41  4:22  Probe  
  41  4:23  Phoenix  
  45  4:31  Pylon  
  45  4:33  Probe (Chrono Boost)  
  45  4:35  Probe (Chrono Boost)  
  47  4:40  Stalker (Chrono Boost)  
  47  4:45  Probe (Chrono Boost)  
  51  4:46  Probe (Chrono Boost)  
  51  4:50  Probe x2 (Chrono Boost)  
  45  5:07  Stalker (Chrono Boost)  
  8  6:27  Probe (Chrono Boost)  
  9  6:39  Probe (Chrono Boost)  
  2  11:55  Nexus  
  2  11:58  Assimilator  
  2  12:03  Assimilator  
  2  12:23  Pylon  
  2  13:51  Probe (Chrono Boost)  
  3  14:01  Probe (Chrono Boost)  
  4  14:05  Probe (Chrono Boost)  
  5  14:17  Probe  
  6  14:29  Probe  
  7  14:33  Gateway  
  7  14:38  Gateway  
  7  14:41  Probe  
  8  14:53  Probe  
  9  15:05  Probe  
  10  15:23  Cybernetics Core  
  10  15:26  Pylon  
  10  15:30  Probe  
  11  16:03  Stalker (Chrono Boost)  
  15  16:09  Probe (Chrono Boost)  
  15  16:10  Stalker (Chrono Boost)  
  16  17:08  Probe  
  17  17:09  Stalker x2 (Chrono Boost)  
  21  17:20  Probe  
  22  17:32  Probe  
  22  17:35  Stalker x2 (Chrono Boost)  
  27  18:36  Stalker x2  
  31  18:42  Pylon  
  30  19:06  Stalker (Chrono Boost)  
  34  19:13  Stalker (Chrono Boost)  
  34  19:19  Gateway  
  34  19:22  Gateway  
  34  19:23  Pylon  
  34  19:25  Pylon  
  34  19:27  Stalker (Chrono Boost)  
  36  19:36  Stalker  
  38  19:50  Probe (Chrono Boost)  
  40  20:00  Probe (Chrono Boost)  
  40  20:05  Probe (Chrono Boost)  
  43  20:16  Probe  
Tags
 
Add a new tag
Caveats
  • Supply blocks, unpowered buildings, or Contaminate may cause inaccurate times.
  • Supply counts are checked every 10 seconds.